Capitals vs Blue Jackets
Created - November 17, 2019 at 19:17
Goals
|
Capitals |
1 |
0 |
2 |
3 |
Blue Jackets |
2 |
0 |
0 |
2 |
|
Shots
|
Capitals |
10 |
6 |
12 |
28 |
Blue Jackets |
14 |
4 |
14 |
32 |
|
1st period
1. Capitals , Patrick Marleau 2 (Jason Pominville 6, Ryan Getzlaf 2) at 11:35
2. Blue Jackets , Peter Mueller 4 (Derek Boogaard 3, Devin Setoguchi 3) at 15:22 (PP)
3. Blue Jackets , Peter Mueller 5 (Derek Boogaard 4) at 15:59
Penalties :
Josh Manson (Was) for Delaying the game (Minor) at 3:38, Tuukka Rask (Was) for Slashing (Minor) at 4:11 - Jason Pominville served the penalty, Derek Boogaard (Clb) for Interference (Minor) at 12:01, Patrick Sharp (Was) for Hooking (Minor) at 14:44, Brent Seabrook (Was) for Slashing (Minor) at 18:18
2nd period
No Goal
Penalties :
Derek Boogaard (Clb) for Hooking (Minor) at 0:19, Patrick Marleau (Was) for Elbowing (Minor) at 9:02
3rd period
4. Capitals , Mikko Koivu 2 (Shayne Gostisbehere 4, T.J. Oshie 3) at 7:11
5. Capitals , Joe Pavelski 4 (Victor Hedman 6, Patrick Sharp 9) at 13:19 (PP)
Penalties :
Patrick Sharp (Was) for Hooking (Minor) at 2:09, Joe Thornton (Was) for Roughing (Minor) at 7:27, Josh Manson (Was) for Interference (Minor) at 9:46, Pavel Datsyuk (Clb) for Roughing (Minor) at 12:44, Max Pacioretty (Clb) for Hooking (Minor) at 17:57
Goalie Stats
Tuukka Rask (Was), 30 saves from 32 shots - (0.938), W, 5-5-1, 60:00 minutes
Rick DiPietro (Clb), 25 saves from 28 shots - (0.893), L, 7-2-2, 59:57 minutes
Players Stats for Capitals
Player Name G A P +/- PIM S H SB GA TA FO MP PP MP PK MP
------------------------------------------------------------------------------------
Blake Wheeler 0 0 0 1 0 1 2 0 1 1 0/0 9:50 0:00 0:00
Brent Seabrook 0 0 0 0 2 3 1 4 1 1 0/0 25:46 3:59 6:39
Jason Pominville 0 1 1 0 0 0 2 0 0 0 0/0 16:42 2:17 2:50
Joe Pavelski 1 0 1 0 0 4 3 2 0 2 1/1 24:10 4:15 7:03
Joe Thornton 0 0 0 0 2 4 2 1 0 0 19/43 23:38 4:15 6:07
Josh Manson 0 0 0 1 4 1 1 0 0 1 0/0 12:05 0:00 0:16
Justin Faulk 0 0 0 0 0 1 1 0 0 0 0/0 20:50 2:33 4:51
Michael Schumacher 0 0 0 0 0 0 0 0 0 0 0/0 5:54 0:00 0:00
Mikko Koivu 1 0 1 1 0 3 6 0 0 0 3/5 10:06 0:00 0:16
Olli Maatta 0 0 0 1 0 0 1 0 0 0 0/0 13:23 0:00 1:36
Ondrej Palat 0 0 0 1 0 3 0 0 0 0 0/0 12:08 0:00 2:12
Patrick Marleau 1 0 1 0 2 2 1 0 0 1 0/0 13:40 2:17 0:03
Patrick Sharp 0 1 1 0 4 2 2 2 0 0 1/1 19:34 4:15 2:10
Ryan Getzlaf 0 1 1 0 0 1 2 0 0 0 3/13 13:32 2:17 0:00
Ryan Nugent-Hopkins 0 0 0 0 0 1 0 0 0 0 0/1 6:41 0:00 0:47
Shayne Gostisbehere 0 1 1 0 0 0 1 0 0 1 0/0 20:50 2:33 4:51
T.J. Oshie 0 1 1 0 0 0 2 0 1 0 2/3 9:16 0:00 3:11
Victor Hedman 0 1 1 0 0 2 3 0 4 2 0/0 27:15 3:59 8:06
Players Stats for Blue Jackets
Player Name G A P +/- PIM S H SB GA TA FO MP PP MP PK MP
------------------------------------------------------------------------------------
A.J Thelen 0 0 0 0 0 0 0 0 0 0 0/0 10:01 0:00 0:00
Andreas Nodl 0 0 0 -1 0 3 1 0 1 0 0/0 9:46 0:00 0:00
Artemi Panarin 0 0 0 0 0 5 1 0 0 1 7/12 24:28 7:18 4:37
Branislav Mezei 0 0 0 0 0 0 1 1 0 1 0/0 19:44 4:08 1:54
Cam Fowler 0 0 0 -1 0 1 1 2 1 1 0/0 30:15 8:58 4:38
Cody Eakin 0 0 0 0 0 2 0 0 0 0 0/1 8:53 0:00 2:04
Derek Boogaard 0 2 2 0 4 1 1 1 0 0 0/0 19:22 5:39 2:18
Devin Setoguchi 0 1 1 0 0 3 0 0 1 0 1/1 16:46 5:39 0:00
Eric Wellwood 0 0 0 0 0 0 1 0 0 0 0/0 8:28 0:00 1:39
Martin Havlat 0 0 0 0 0 3 2 0 1 0 1/1 20:50 7:17 0:53
Max Pacioretty 0 0 0 -1 2 2 1 0 0 0 0/0 10:39 0:22 0:29
Mike Comrie 0 0 0 -1 0 2 1 0 0 0 4/7 10:04 0:07 0:11
Mike Lundin 0 0 0 -1 0 3 0 1 1 2 0/0 30:15 8:58 4:38
Pavel Datsyuk 0 0 0 0 2 3 0 0 2 0 14/29 20:49 7:17 0:53
Peter Mueller 2 0 2 0 0 2 2 0 0 1 10/15 16:46 5:39 0:00
Rob Scuderi 0 0 0 0 0 1 1 1 2 0 0/0 19:44 4:08 1:54
Ryan Wilson 0 0 0 0 0 0 1 0 0 0 0/0 10:01 0:00 0:00
Tyler Kennedy 0 0 0 0 0 1 0 0 0 1 1/1 6:33 0:00 0:00
3 Stars
1 - Peter Mueller (Clb)
2 - Mikko Koivu (Was)
3 - Joe Pavelski (Was)
Power Play
Capitals - 1 on 4 Attempt(s) - 25.00%
Blue Jackets - 1 on 8 Attempt(s) - 12.50%
Penalty Kill
Capitals - 7 on 8 Attempt(s) - 87.50%
- Score 0 goal in Penalty Kill
Blue Jackets - 3 on 4 Attempt(s) - 75.00%
- Score 0 goal in Penalty Kill
Team Stat
Capitals - Hits : 30 - Faceoff Wins : 29 - Blocked Shots : 9 - Penalty Minutes : 16
Blue Jackets - Hits : 14 - Faceoff Wins : 38 - Blocked Shots : 6 - Penalty Minutes : 8
Official
Referees : Unknown
Linesman : Unknown
Game Notes
No Game Note
Finance
Level 1 -- Attendance: 4293 (71.55%) -- Ticket Income $493,695
Level 2 -- Attendance: 4074 (81.48%) -- Ticket Income $305,550
Level 3 -- Attendance: 1651 (82.55%) -- Ticket Income $74,295
Level 4 -- Attendance: 3620 (90.50%) -- Ticket Income $108,600
Luxury Box -- Attendance: 715 (71.50%) -- Ticket Income $153,725
Game was played at the Ohio State Arena.
Total Attendance: 14353 (79.74%)
Total Ticket Income: $1,135,865
Other Income: $170,380
Total Income: $1,306,245
Capitals
5 vs 5 Forward
Center Left Wing Right Wing Time % Phy DF OF
1 Joe Thornton Patrick Sharp Joe Pavelski 40 1 2 2
2 Ryan Getzlaf Patrick Marleau Jason Pominville 30 1 2 2
3 Mikko Koivu Ondrej Palat Blake Wheeler 20 1 2 2
4 Ryan Nugent-Hopkins Michael Schumacher T.J. Oshie 10 1 2 2
5 vs 5 Defense
Defense Defense Time % Phy DF OF
1 Brent Seabrook Victor Hedman 40 1 2 2
2 Justin Faulk Shayne Gostisbehere 30 1 2 2
3 Josh Manson Olli Maatta 20 1 2 2
4 Brent Seabrook Victor Hedman 10 1 2 2
PowerPlay Forward
Center Left Wing Right Wing Time % Phy DF OF
1 Joe Thornton Patrick Sharp Joe Pavelski 60 1 2 2
2 Ryan Getzlaf Patrick Marleau Jason Pominville 40 1 2 2
PowerPlay Defense
Defense Defense Time % Phy DF OF
1 Brent Seabrook Victor Hedman 60 1 2 2
2 Justin Faulk Shayne Gostisbehere 40 1 2 2
Penalty Kill 4 Players Forward
Center Wing Time % Phy DF OF
1 Joe Thornton Joe Pavelski 60 1 2 2
2 Jason Pominville Patrick Sharp 40 1 2 2
Penalty Kill 4 Players Defense
Defense Defense Time % Phy DF OF
1 Brent Seabrook Victor Hedman 60 1 2 2
2 Justin Faulk Shayne Gostisbehere 40 1 2 2
Penalty Kill - 3 Players Forward
Forward Time % Phy DF OF
1 Joe Thornton 60 1 2 2
2 Joe Pavelski 40 1 2 2
Penalty Kill - 3 Players Defense
Defense Defense Time % Phy DF OF
1 Brent Seabrook Victor Hedman 60 1 2 2
2 Justin Faulk Shayne Gostisbehere 40 1 2 2
4 vs 4 Forward
Center Wing Time % Phy DF OF
1 Joe Thornton Joe Pavelski 60 1 2 2
2 Jason Pominville Patrick Sharp 40 1 2 2
4 vs 4 Defense
Defense Defense Time % Phy DF OF
1 Brent Seabrook Victor Hedman 60 1 2 2
2 Justin Faulk Shayne Gostisbehere 40 1 2 2
Last Minutes Offensive
Center Left Wing Right Wing Defense Defense
Joe Thornton Patrick Sharp Joe Pavelski Brent Seabrook Victor Hedman
Last Minutes Defensive
Center Left Wing Right Wing Defense Defense
Joe Thornton Patrick Sharp Joe Pavelski Brent Seabrook Victor Hedman
Goaltenders
Starting : Tuukka Rask
Backup : Mike Smith
Extra Forwards
Normal : Blake Wheeler, Mikko Koivu, T.J. Oshie - PP : Blake Wheeler, Mikko Koivu - PK : T.J. Oshie
Extra Defensemen
Normal : Josh Manson, Olli Maatta, Justin Faulk - PP : Josh Manson - PK : Olli Maatta, Justin Faulk
Penalty Shots
Joe Thornton, Joe Pavelski, Jason Pominville, Patrick Sharp, Ryan Getzlaf
Scratches
Ryan Suter (Healthy), Thomas Vanek (Lacerated Right Calf Injury)
Blue Jackets
5 vs 5 Forward
Center Left Wing Right Wing Time % Phy DF OF
1 Pavel Datsyuk Artemi Panarin Martin Havlat 40 1 2 2
2 Peter Mueller Derek Boogaard Devin Setoguchi 30 1 2 2
3 Mike Comrie Max Pacioretty Andreas Nodl 20 1 2 2
4 Cody Eakin Eric Wellwood Tyler Kennedy 10 1 2 2
5 vs 5 Defense
Defense Defense Time % Phy DF OF
1 Mike Lundin Cam Fowler 40 1 2 2
2 Branislav Mezei Rob Scuderi 30 1 2 2
3 A.J Thelen Ryan Wilson 20 1 2 2
4 Mike Lundin Cam Fowler 10 1 2 2
PowerPlay Forward
Center Left Wing Right Wing Time % Phy DF OF
1 Pavel Datsyuk Artemi Panarin Martin Havlat 60 1 2 2
2 Peter Mueller Derek Boogaard Devin Setoguchi 40 1 2 2
PowerPlay Defense
Defense Defense Time % Phy DF OF
1 Mike Lundin Cam Fowler 60 1 2 2
2 Branislav Mezei Rob Scuderi 40 1 2 2
Penalty Kill 4 Players Forward
Center Wing Time % Phy DF OF
1 Artemi Panarin Derek Boogaard 60 1 2 2
2 Pavel Datsyuk Martin Havlat 40 1 2 2
Penalty Kill 4 Players Defense
Defense Defense Time % Phy DF OF
1 Mike Lundin Cam Fowler 60 1 2 2
2 Branislav Mezei Rob Scuderi 40 1 2 2
Penalty Kill - 3 Players Forward
Forward Time % Phy DF OF
1 Artemi Panarin 60 1 2 2
2 Derek Boogaard 40 1 2 2
Penalty Kill - 3 Players Defense
Defense Defense Time % Phy DF OF
1 Mike Lundin Cam Fowler 60 1 2 2
2 Branislav Mezei Rob Scuderi 40 1 2 2
4 vs 4 Forward
Center Wing Time % Phy DF OF
1 Artemi Panarin Derek Boogaard 60 1 2 2
2 Pavel Datsyuk Martin Havlat 40 1 2 2
4 vs 4 Defense
Defense Defense Time % Phy DF OF
1 Mike Lundin Cam Fowler 60 1 2 2
2 Branislav Mezei Rob Scuderi 40 1 2 2
Last Minutes Offensive
Center Left Wing Right Wing Defense Defense
Pavel Datsyuk Artemi Panarin Martin Havlat Mike Lundin Cam Fowler
Last Minutes Defensive
Center Left Wing Right Wing Defense Defense
Pavel Datsyuk Artemi Panarin Martin Havlat Mike Lundin Cam Fowler
Goaltenders
Starting : Rick DiPietro
Backup : Andrei Vasilevskiy
Extra Forwards
Normal : Max Pacioretty, Mike Comrie, Cody Eakin - PP : Max Pacioretty, Mike Comrie - PK : Cody Eakin
Extra Defensemen
Normal : A.J Thelen, Ryan Wilson, Branislav Mezei - PP : A.J Thelen - PK : Ryan Wilson, Branislav Mezei
Penalty Shots
Artemi Panarin, Derek Boogaard, Pavel Datsyuk, Martin Havlat, Max Pacioretty
Scratches
Kevin Porter (Healthy)
% Time on Ice - Capitals
Lines # - Real PCT - Wanted PCT - Time Play
Normal Forward
1 - 32% - 40% - 13:03
2 - 29% - 30% - 11:35
3 - 24% - 20% - 9:50
4 - 15% - 10% - 5:54
Normal Defense
1 - 38% - 40% - 15:10
2 - 33% - 30% - 13:26
3 - 29% - 20% - 11:46
4 - 0% - 10% - 0:00
PP Forward
1 - 65% - 60% - 4:15
2 - 35% - 40% - 2:17
PP Defense
1 - 61% - 60% - 3:59
2 - 39% - 40% - 2:33
PK Forward
1 - 73% - 60% - 8:28
2 - 27% - 40% - 3:12
PK Defense
1 - 62% - 60% - 7:16
2 - 38% - 40% - 4:24
PK3 Forward
1 - 65% - 60% - 0:56
2 - 35% - 40% - 0:30
PK3 Defense
1 - 69% - 60% - 0:59
2 - 31% - 40% - 0:27
44 Forward
1 - 0% - 60%
2 - 0% - 40%
44 Defense
1 - 0% - 60%
2 - 0% - 40%
Last Minute Offensive - 0:00
Last Minute Defensive - 0:00
Total
Forward - 60:00
Defense - 60:00
|
% Time on Ice - Blue Jackets
Lines # - Real PCT - Wanted PCT - Time Play
Normal Forward
1 - 32% - 40% - 12:49
2 - 28% - 30% - 11:14
3 - 24% - 20% - 9:46
4 - 16% - 10% - 6:33
Normal Defense
1 - 40% - 40% - 15:58
2 - 34% - 30% - 13:42
3 - 25% - 20% - 10:01
4 - 2% - 10% - 0:41
PP Forward
1 - 57% - 60% - 7:27
2 - 43% - 40% - 5:39
PP Defense
1 - 68% - 60% - 8:58
2 - 32% - 40% - 4:08
PK Forward
1 - 86% - 60% - 5:39
2 - 14% - 40% - 0:53
PK Defense
1 - 71% - 60% - 4:38
2 - 29% - 40% - 1:54
PK3 Forward
1 - 0% - 60%
2 - 0% - 40%
PK3 Defense
1 - 0% - 60%
2 - 0% - 40%
44 Forward
1 - 0% - 60%
2 - 0% - 40%
44 Defense
1 - 0% - 60%
2 - 0% - 40%
Last Minute Offensive - 0:00
Last Minute Defensive - 0:00
Total
Forward - 60:00
Defense - 60:00
|
Play-by-Play
1st period
0:01 of 1st period - Pavel Datsyuk wins face-off versus Joe Thornton in neutral zone.
0:07 of 1st period - Icing by Victor Hedman.
0:08 of 1st period - Joe Thornton wins face-off versus Pavel Datsyuk in Capitals zone.
0:13 of 1st period - Snap shot by Pavel Datsyuk.
0:13 of 1st period - Stopped by Tuukka Rask with a rebound.
0:15 of 1st period - Slapshot by Martin Havlat.
0:15 of 1st period - Shot Blocked by Patrick Sharp.
0:45 of 1st period - Slapshot by Joe Thornton.
0:45 of 1st period - Stopped by Rick DiPietro without a rebound.
0:46 of 1st period - Peter Mueller wins face-off versus Ryan Getzlaf in Blue Jackets zone.
1:58 of 1st period - Slapshot by Patrick Sharp.
1:58 of 1st period - Shot Misses the Net.
2:38 of 1st period - Mike Comrie is hit by Mikko Koivu and loses puck.
2:47 of 1st period - Wrist shot by Andreas Nodl.
2:47 of 1st period - Shot Misses the Net.
3:33 of 1st period - Wrist shot by Artemi Panarin.
3:33 of 1st period - Shot Misses the Net.
3:38 of 1st period - Minor Penalty to Josh Manson for Delaying the game.
3:39 of 1st period - Pavel Datsyuk wins face-off versus Joe Thornton in Capitals zone.
3:47 of 1st period - Wrist shot by Artemi Panarin.
3:47 of 1st period - Stopped by Tuukka Rask with a rebound.
4:11 of 1st period - Backhand shot by Devin Setoguchi.
4:11 of 1st period - Stopped by Tuukka Rask without a rebound.
4:11 of 1st period - Minor Penalty to Tuukka Rask for Slashing.
4:12 of 1st period - Pavel Datsyuk wins face-off versus Joe Thornton in Capitals zone.
4:15 of 1st period - Wrist shot by Pavel Datsyuk.
4:15 of 1st period - Stopped by Tuukka Rask without a rebound.
4:16 of 1st period - Pavel Datsyuk wins face-off versus Joe Thornton in Capitals zone.
5:38 of 1st period - Penalty to Josh Manson is over, Josh Manson is back on ice.
5:59 of 1st period - Mike Lundin is hit by T.J. Oshie and loses puck.
6:04 of 1st period - Snap shot by Patrick Sharp.
6:04 of 1st period - Stopped by Rick DiPietro without a rebound.
6:05 of 1st period - T.J. Oshie wins face-off versus Peter Mueller in Blue Jackets zone.
6:10 of 1st period - Snap shot by T.J. Oshie.
6:10 of 1st period - Deflect By Patrick Sharp.
6:10 of 1st period - Stopped by Rick DiPietro without a rebound.
6:11 of 1st period - Penalty to Jason Pominville is over, Jason Pominville is back on ice.
6:11 of 1st period - Peter Mueller wins face-off versus Ryan Getzlaf in Blue Jackets zone.
6:34 of 1st period - Slapshot by Andreas Nodl.
6:34 of 1st period - Shot Blocked by Joe Thornton.
6:51 of 1st period - Icing by Pavel Datsyuk.
6:52 of 1st period - Artemi Panarin wins face-off versus Joe Thornton in Blue Jackets zone.
6:57 of 1st period - Snap shot by Joe Thornton.
6:57 of 1st period - Shot Misses the Net.
6:59 of 1st period - Snap shot by Joe Thornton.
6:59 of 1st period - Stopped by Rick DiPietro with a rebound.
7:03 of 1st period - Snap shot by Joe Pavelski.
7:03 of 1st period - Shot Misses the Net.
8:57 of 1st period - Snap shot by Derek Boogaard.
8:57 of 1st period - Stopped by Tuukka Rask with a rebound.
8:59 of 1st period - Snap shot by Devin Setoguchi.
8:59 of 1st period - Shot Misses the Net.
9:01 of 1st period - Slapshot by Branislav Mezei.
9:01 of 1st period - Deflect By Peter Mueller.
9:01 of 1st period - Shot Hit the Post.
9:01 of 1st period - Puck is out of play.
9:02 of 1st period - Joe Thornton wins face-off versus Peter Mueller in Capitals zone.
9:13 of 1st period - Snap shot by Devin Setoguchi.
9:13 of 1st period - Shot Blocked by Joe Pavelski.
9:33 of 1st period - Icing by Artemi Panarin.
9:34 of 1st period - Artemi Panarin wins face-off versus Ryan Getzlaf in Blue Jackets zone.
10:13 of 1st period - Wrist shot by Pavel Datsyuk.
10:13 of 1st period - Stopped by Tuukka Rask with a rebound.
10:15 of 1st period - Wrist shot by Pavel Datsyuk.
10:15 of 1st period - Shot Misses the Net.
10:33 of 1st period - Wrist shot by Mikko Koivu.
10:33 of 1st period - Stopped by Rick DiPietro without a rebound.
10:34 of 1st period - Peter Mueller wins face-off versus Joe Thornton in Blue Jackets zone.
11:06 of 1st period - Snap shot by Andreas Nodl.
11:06 of 1st period - Stopped by Tuukka Rask without a rebound.
11:07 of 1st period - Peter Mueller wins face-off versus Ryan Getzlaf in Capitals zone.
11:10 of 1st period - Slapshot by Devin Setoguchi.
11:10 of 1st period - Stopped by Tuukka Rask without a rebound.
11:11 of 1st period - Ryan Getzlaf wins face-off versus Peter Mueller in Capitals zone.
11:17 of 1st period - Icing by Patrick Marleau.
11:18 of 1st period - Peter Mueller wins face-off versus Ryan Getzlaf in Capitals zone.
11:19 of 1st period - Snap shot by Devin Setoguchi.
11:19 of 1st period - Shot Misses the Net.
11:35 of 1st period - Wrist shot by Patrick Marleau.
11:35 of 1st period - Goal by Patrick Marleau - Capitals : 1 - Blue Jackets : 0.
11:36 of 1st period - Patrick Sharp wins face-off versus Pavel Datsyuk in neutral zone.
11:48 of 1st period - Wrist shot by Joe Thornton.
11:48 of 1st period - Stopped by Rick DiPietro with a rebound.
12:01 of 1st period - Minor Penalty to Derek Boogaard for Interference.
12:02 of 1st period - Joe Thornton wins face-off versus Artemi Panarin in Blue Jackets zone.
12:12 of 1st period - Mike Lundin is hit by Joe Pavelski and loses puck.
12:19 of 1st period - Slapshot by Joe Pavelski.
12:19 of 1st period - Stopped by Rick DiPietro without a rebound.
12:20 of 1st period - Artemi Panarin wins face-off versus Ryan Getzlaf in Blue Jackets zone.
14:01 of 1st period - Penalty to Derek Boogaard is over, Derek Boogaard is back on ice.
14:08 of 1st period - Eric Wellwood is hit by Patrick Marleau and loses puck.
14:16 of 1st period - Off-side.
14:17 of 1st period - Mikko Koivu wins face-off versus Mike Comrie in neutral zone.
14:22 of 1st period - Snap shot by Blake Wheeler.
14:22 of 1st period - Shot Misses the Net.
14:24 of 1st period - Slapshot by Josh Manson.
14:24 of 1st period - Deflect By Max Pacioretty.
14:24 of 1st period - Stopped by Rick DiPietro without a rebound.
14:25 of 1st period - Joe Thornton wins face-off versus Mike Comrie in Blue Jackets zone.
14:28 of 1st period - Wrist shot by Patrick Sharp.
14:28 of 1st period - Shot Misses the Net.
14:30 of 1st period - Slapshot by Olli Maatta.
14:30 of 1st period - Deflect By Joe Thornton.
14:30 of 1st period - Shot Hit the Post.
14:30 of 1st period - Puck is out of play.
14:31 of 1st period - Devin Setoguchi wins face-off versus Joe Thornton in Blue Jackets zone.
14:31 of 1st period - Devin Setoguchi is hit by Brent Seabrook.
14:44 of 1st period - Minor Penalty to Patrick Sharp for Hooking.
14:45 of 1st period - Joe Thornton wins face-off versus Pavel Datsyuk in Capitals zone.
15:22 of 1st period - Snap shot by Peter Mueller.
15:22 of 1st period - Goal by Peter Mueller - Capitals : 1 - Blue Jackets : 1.
15:23 of 1st period - Joe Thornton wins face-off versus Pavel Datsyuk in neutral zone.
15:53 of 1st period - Off-side.
15:54 of 1st period - Peter Mueller wins face-off versus Ryan Getzlaf in neutral zone.
15:59 of 1st period - Snap shot by Peter Mueller.
15:59 of 1st period - Goal by Peter Mueller - Capitals : 1 - Blue Jackets : 2.
16:00 of 1st period - Pavel Datsyuk wins face-off versus Joe Thornton in neutral zone.
16:03 of 1st period - Wrist shot by Artemi Panarin.
16:03 of 1st period - Stopped by Tuukka Rask without a rebound.
16:04 of 1st period - Martin Havlat wins face-off versus Joe Thornton in Capitals zone.
16:15 of 1st period - Snap shot by Pavel Datsyuk.
16:15 of 1st period - Shot Blocked by Brent Seabrook.
16:35 of 1st period - Slapshot by Brent Seabrook.
16:35 of 1st period - Shot Misses the Net.
16:59 of 1st period - Slapshot by Max Pacioretty.
16:59 of 1st period - Stopped by Tuukka Rask with a rebound.
17:01 of 1st period - Snap shot by Max Pacioretty.
17:01 of 1st period - Stopped by Tuukka Rask with a rebound.
17:13 of 1st period - Wrist shot by Cody Eakin.
17:13 of 1st period - Stopped by Tuukka Rask without a rebound.
17:14 of 1st period - Tyler Kennedy wins face-off versus Ryan Nugent-Hopkins in Capitals zone.
17:51 of 1st period - Slapshot by Pavel Datsyuk.
17:51 of 1st period - Deflect By Artemi Panarin.
17:51 of 1st period - Shot Blocked by Patrick Sharp.
17:51 of 1st period - Puck is out of play.
17:52 of 1st period - Ryan Getzlaf wins face-off versus Peter Mueller in Capitals zone.
17:59 of 1st period - Slapshot by Brent Seabrook.
17:59 of 1st period - Stopped by Rick DiPietro without a rebound.
18:00 of 1st period - Peter Mueller wins face-off versus Ryan Getzlaf in Blue Jackets zone.
18:18 of 1st period - Minor Penalty to Brent Seabrook for Slashing.
18:19 of 1st period - Joe Thornton wins face-off versus Pavel Datsyuk in Capitals zone.
Goals for this period are 1 for Capitals vs 2 for Blue Jackets.
Shots for this period are 10 for Capitals vs 14 for Blue Jackets.
2nd period
0:01 of 2nd period - Joe Thornton wins face-off versus Pavel Datsyuk in neutral zone.
0:08 of 2nd period - Wrist shot by Joe Pavelski.
0:08 of 2nd period - Shot Misses the Net.
0:10 of 2nd period - Snap shot by Joe Thornton.
0:10 of 2nd period - Shot Misses the Net.
0:14 of 2nd period - Snap shot by Joe Thornton.
0:14 of 2nd period - Shot Misses the Net.
0:16 of 2nd period - Slapshot by Victor Hedman.
0:16 of 2nd period - Deflect By Artemi Panarin.
0:16 of 2nd period - Stopped by Rick DiPietro without a rebound.
0:17 of 2nd period - Peter Mueller wins face-off versus Joe Thornton in Blue Jackets zone.
0:19 of 2nd period - Minor Penalty to Derek Boogaard for Hooking.
0:20 of 2nd period - Artemi Panarin wins face-off versus Joe Thornton in Blue Jackets zone.
0:25 of 2nd period - Icing by Victor Hedman.
0:26 of 2nd period - Joe Thornton wins face-off versus Artemi Panarin in Capitals zone.
0:33 of 2nd period - Cody Eakin is hit by Victor Hedman and loses puck.
0:38 of 2nd period - Slapshot by Joe Thornton.
0:38 of 2nd period - Shot Misses the Net.
0:52 of 2nd period - Jason Pominville is hit by Cam Fowler and loses puck.
1:11 of 2nd period - Pavel Datsyuk is hit by Joe Pavelski and loses puck.
2:19 of 2nd period - Penalty to Derek Boogaard is over, Derek Boogaard is back on ice.
2:54 of 2nd period - Snap shot by Ryan Nugent-Hopkins.
2:54 of 2nd period - Stopped by Rick DiPietro with a rebound.
3:54 of 2nd period - Snap shot by Artemi Panarin.
3:54 of 2nd period - Stopped by Tuukka Rask with a rebound.
4:21 of 2nd period - Ryan Getzlaf is hit by Max Pacioretty and loses puck.
4:44 of 2nd period - Tyler Kennedy is hit by Mikko Koivu and loses puck.
4:49 of 2nd period - Backhand shot by Blake Wheeler.
4:49 of 2nd period - Stopped by Rick DiPietro without a rebound.
4:50 of 2nd period - Pavel Datsyuk wins face-off versus Mikko Koivu in Blue Jackets zone.
5:17 of 2nd period - Cam Fowler is hit by Olli Maatta and loses puck.
6:23 of 2nd period - Artemi Panarin is hit by Mikko Koivu and loses puck.
6:45 of 2nd period - Wrist shot by Joe Pavelski.
6:45 of 2nd period - Shot Misses the Net.
7:01 of 2nd period - Ryan Wilson is hit by Shayne Gostisbehere and loses puck.
7:24 of 2nd period - Snap shot by Tyler Kennedy.
7:24 of 2nd period - Stopped by Tuukka Rask with a rebound.
7:30 of 2nd period - Eric Wellwood is hit by T.J. Oshie and loses puck.
8:05 of 2nd period - Snap shot by Patrick Sharp.
8:05 of 2nd period - Deflect By Joe Pavelski.
8:05 of 2nd period - Shot Blocked by Cam Fowler.
8:05 of 2nd period - Puck is out of play.
8:06 of 2nd period - Peter Mueller wins face-off versus Joe Thornton in Blue Jackets zone.
8:17 of 2nd period - Slapshot by Devin Setoguchi.
8:17 of 2nd period - Shot Blocked by Brent Seabrook.
8:19 of 2nd period - Slapshot by Cam Fowler.
8:19 of 2nd period - Shot Misses the Net.
8:21 of 2nd period - Snap shot by Derek Boogaard.
8:21 of 2nd period - Shot Misses the Net.
8:31 of 2nd period - Artemi Panarin is hit by Jason Pominville and loses puck.
8:38 of 2nd period - Wrist shot by Ryan Getzlaf.
8:38 of 2nd period - Stopped by Rick DiPietro with a rebound.
8:40 of 2nd period - Snap shot by Patrick Marleau.
8:40 of 2nd period - Stopped by Rick DiPietro without a rebound.
8:41 of 2nd period - Peter Mueller wins face-off versus Ryan Getzlaf in Blue Jackets zone.
8:41 of 2nd period - Peter Mueller is hit by Jason Pominville.
8:47 of 2nd period - Patrick Marleau is hit by Peter Mueller and loses puck.
9:02 of 2nd period - Minor Penalty to Patrick Marleau for Elbowing.
9:03 of 2nd period - Joe Thornton wins face-off versus Pavel Datsyuk in Capitals zone.
9:03 of 2nd period - Joe Thornton is hit by Martin Havlat.
11:02 of 2nd period - Penalty to Patrick Marleau is over, Patrick Marleau is back on ice.
11:11 of 2nd period - Mike Lundin is hit by Justin Faulk and loses puck.
11:50 of 2nd period - Ryan Getzlaf is hit by Mike Comrie and loses puck.
12:15 of 2nd period - Snap shot by Mikko Koivu.
12:15 of 2nd period - Stopped by Rick DiPietro with a rebound.
12:21 of 2nd period - Olli Maatta is hit by Eric Wellwood and loses puck.
12:31 of 2nd period - Off-side.
12:32 of 2nd period - Mike Comrie wins face-off versus Joe Thornton in neutral zone.
13:41 of 2nd period - Slapshot by Cam Fowler.
13:41 of 2nd period - Shot Misses the Net.
13:43 of 2nd period - Slapshot by Mike Lundin.
13:43 of 2nd period - Stopped by Tuukka Rask without a rebound.
13:44 of 2nd period - Joe Thornton wins face-off versus Pavel Datsyuk in Capitals zone.
14:11 of 2nd period - Shayne Gostisbehere is hit by Andreas Nodl.
14:37 of 2nd period - Icing by Brent Seabrook.
14:38 of 2nd period - Mikko Koivu wins face-off versus Pavel Datsyuk in Capitals zone.
14:45 of 2nd period - Mike Lundin is hit by Blake Wheeler and loses puck.
14:52 of 2nd period - Backhand shot by Artemi Panarin.
14:52 of 2nd period - Shot Misses the Net.
14:54 of 2nd period - Slapshot by Mike Lundin.
14:54 of 2nd period - Deflect By Ondrej Palat.
14:54 of 2nd period - Stopped by Tuukka Rask with a rebound.
15:16 of 2nd period - Cam Fowler is hit by Patrick Sharp and loses puck.
16:20 of 2nd period - Slapshot by Cody Eakin.
16:20 of 2nd period - Shot Blocked by Brent Seabrook.
16:32 of 2nd period - Peter Mueller is hit by Mikko Koivu.
17:10 of 2nd period - T.J. Oshie is hit by Martin Havlat and loses puck.
17:37 of 2nd period - Cody Eakin is hit by Joe Thornton and loses puck.
18:14 of 2nd period - Shayne Gostisbehere is hit by Branislav Mezei and loses puck.
18:55 of 2nd period - Cody Eakin is hit by Joe Pavelski and loses puck.
19:16 of 2nd period - Mike Lundin is hit by Josh Manson and loses puck.
19:45 of 2nd period - Olli Maatta is hit by Ryan Wilson.
Goals for this period are 0 for Capitals vs 0 for Blue Jackets.
Shots for this period are 6 for Capitals vs 4 for Blue Jackets.
3rd period
0:01 of 3rd period - Pavel Datsyuk wins face-off versus Joe Thornton in neutral zone.
0:04 of 3rd period - Slapshot by Mike Lundin.
0:04 of 3rd period - Deflect By Brent Seabrook.
0:04 of 3rd period - Stopped by Tuukka Rask without a rebound.
0:05 of 3rd period - Joe Thornton wins face-off versus Pavel Datsyuk in Capitals zone.
0:16 of 3rd period - Snap shot by Joe Thornton.
0:16 of 3rd period - Stopped by Rick DiPietro with a rebound.
0:32 of 3rd period - Derek Boogaard is hit by Victor Hedman.
0:52 of 3rd period - Derek Boogaard is hit by Victor Hedman.
0:56 of 3rd period - Derek Boogaard is hit by Ryan Getzlaf and loses puck.
1:07 of 3rd period - Slapshot by Brent Seabrook.
1:07 of 3rd period - Stopped by Rick DiPietro without a rebound.
1:08 of 3rd period - Joe Thornton wins face-off versus Pavel Datsyuk in Blue Jackets zone.
1:11 of 3rd period - Wrist shot by Joe Pavelski.
1:11 of 3rd period - Stopped by Rick DiPietro without a rebound.
1:12 of 3rd period - Pavel Datsyuk wins face-off versus Joe Thornton in Blue Jackets zone.
1:42 of 3rd period - Slapshot by Ondrej Palat.
1:42 of 3rd period - Stopped by Rick DiPietro without a rebound.
1:43 of 3rd period - Mikko Koivu wins face-off versus Peter Mueller in Blue Jackets zone.
1:58 of 3rd period - Wrist shot by Devin Setoguchi.
1:58 of 3rd period - Stopped by Tuukka Rask without a rebound.
1:59 of 3rd period - Pavel Datsyuk wins face-off versus Joe Thornton in Capitals zone.
2:00 of 3rd period - Slapshot by Artemi Panarin.
2:00 of 3rd period - Stopped by Tuukka Rask with a rebound.
2:09 of 3rd period - Minor Penalty to Patrick Sharp for Hooking.
2:10 of 3rd period - Pavel Datsyuk wins face-off versus Joe Thornton in Capitals zone.
2:10 of 3rd period - Snap shot by Martin Havlat.
2:10 of 3rd period - Shot Blocked by Brent Seabrook.
2:16 of 3rd period - Wrist shot by Pavel Datsyuk.
2:16 of 3rd period - Shot Misses the Net.
2:18 of 3rd period - Snap shot by Pavel Datsyuk.
2:18 of 3rd period - Shot Misses the Net.
2:20 of 3rd period - Slapshot by Mike Lundin.
2:20 of 3rd period - Shot Misses the Net.
2:22 of 3rd period - Snap shot by Martin Havlat.
2:22 of 3rd period - Shot Blocked by Joe Pavelski.
2:24 of 3rd period - Wrist shot by Martin Havlat.
2:24 of 3rd period - Stopped by Tuukka Rask with a rebound.
2:26 of 3rd period - Slapshot by Mike Lundin.
2:26 of 3rd period - Shot Hit the Post.
4:09 of 3rd period - Penalty to Patrick Sharp is over, Patrick Sharp is back on ice.
4:39 of 3rd period - Eric Wellwood is hit by Mikko Koivu and loses puck.
4:46 of 3rd period - Tyler Kennedy is hit by Mikko Koivu and loses puck.
5:33 of 3rd period - Tyler Kennedy is hit by Blake Wheeler and loses puck.
6:06 of 3rd period - T.J. Oshie is hit by Peter Mueller and loses puck.
7:11 of 3rd period - Snap shot by Mikko Koivu.
7:11 of 3rd period - Goal by Mikko Koivu - Capitals : 2 - Blue Jackets : 2.
7:12 of 3rd period - Pavel Datsyuk wins face-off versus Joe Thornton in neutral zone.
7:27 of 3rd period - Minor Penalty to Joe Thornton for Roughing.
7:28 of 3rd period - Pavel Datsyuk wins face-off versus T.J. Oshie in Capitals zone.
7:32 of 3rd period - Snap shot by Artemi Panarin.
7:32 of 3rd period - Deflect By Martin Havlat.
7:32 of 3rd period - Deflect By Brent Seabrook.
7:32 of 3rd period - Stopped by Tuukka Rask with a rebound.
7:34 of 3rd period - Wrist shot by Artemi Panarin.
7:34 of 3rd period - Stopped by Tuukka Rask with a rebound.
7:36 of 3rd period - Wrist shot by Martin Havlat.
7:36 of 3rd period - Stopped by Tuukka Rask without a rebound.
7:37 of 3rd period - T.J. Oshie wins face-off versus Pavel Datsyuk in Capitals zone.
7:54 of 3rd period - Snap shot by Artemi Panarin.
7:54 of 3rd period - Shot Misses the Net.
8:32 of 3rd period - Slapshot by Cam Fowler.
8:32 of 3rd period - Stopped by Tuukka Rask with a rebound.
9:27 of 3rd period - Penalty to Joe Thornton is over, Joe Thornton is back on ice.
9:46 of 3rd period - Minor Penalty to Josh Manson for Interference.
9:47 of 3rd period - Joe Thornton wins face-off versus Pavel Datsyuk in Capitals zone.
11:46 of 3rd period - Penalty to Josh Manson is over, Josh Manson is back on ice.
12:00 of 3rd period - Snap shot by Ondrej Palat.
12:00 of 3rd period - Stopped by Rick DiPietro with a rebound.
12:02 of 3rd period - Snap shot by Ondrej Palat.
12:02 of 3rd period - Shot Blocked by Rob Scuderi.
12:04 of 3rd period - Slapshot by Ondrej Palat.
12:04 of 3rd period - Shot Blocked by Branislav Mezei.
12:06 of 3rd period - Snap shot by Ondrej Palat.
12:06 of 3rd period - Stopped by Rick DiPietro with a rebound.
12:19 of 3rd period - Off-side.
12:20 of 3rd period - Mike Comrie wins face-off versus Ryan Getzlaf in neutral zone.
12:29 of 3rd period - Wrist shot by Mike Comrie.
12:29 of 3rd period - Stopped by Tuukka Rask without a rebound.
12:30 of 3rd period - Pavel Datsyuk wins face-off versus Joe Thornton in Capitals zone.
12:44 of 3rd period - Minor Penalty to Pavel Datsyuk for Roughing.
12:45 of 3rd period - Joe Pavelski wins face-off versus Artemi Panarin in Blue Jackets zone.
12:47 of 3rd period - Wrist shot by Joe Pavelski.
12:47 of 3rd period - Shot Blocked by Cam Fowler.
12:49 of 3rd period - Slapshot by Victor Hedman.
12:49 of 3rd period - Stopped by Rick DiPietro without a rebound.
12:50 of 3rd period - Joe Thornton wins face-off versus Artemi Panarin in Blue Jackets zone.
12:51 of 3rd period - Snap shot by Joe Pavelski.
12:51 of 3rd period - Stopped by Rick DiPietro without a rebound.
12:52 of 3rd period - Artemi Panarin wins face-off versus Joe Thornton in Blue Jackets zone.
13:13 of 3rd period - Snap shot by Joe Pavelski.
13:13 of 3rd period - Shot Misses the Net.
13:15 of 3rd period - Slapshot by Patrick Sharp.
13:15 of 3rd period - Shot Blocked by Mike Lundin.
13:17 of 3rd period - Slapshot by Victor Hedman.
13:17 of 3rd period - Shot Blocked by Derek Boogaard.
13:19 of 3rd period - Snap shot by Joe Pavelski.
13:19 of 3rd period - Goal by Joe Pavelski - Capitals : 3 - Blue Jackets : 2.
13:20 of 3rd period - Joe Thornton wins face-off versus Pavel Datsyuk in neutral zone.
14:12 of 3rd period - Off-side.
14:13 of 3rd period - Mike Comrie wins face-off versus Mikko Koivu in neutral zone.
14:16 of 3rd period - Mikko Koivu is hit by Rob Scuderi and loses puck.
14:23 of 3rd period - Snap shot by Mike Comrie.
14:23 of 3rd period - Stopped by Tuukka Rask with a rebound.
14:33 of 3rd period - Wrist shot by Andreas Nodl.
14:33 of 3rd period - Shot Misses the Net.
14:37 of 3rd period - Slapshot by Andreas Nodl.
14:37 of 3rd period - Stopped by Tuukka Rask with a rebound.
14:39 of 3rd period - Slapshot by Rob Scuderi.
14:39 of 3rd period - Stopped by Tuukka Rask with a rebound.
14:53 of 3rd period - Slapshot by Andreas Nodl.
14:53 of 3rd period - Stopped by Tuukka Rask without a rebound.
14:54 of 3rd period - Pavel Datsyuk wins face-off versus Joe Thornton in Capitals zone.
15:21 of 3rd period - Jason Pominville is hit by Derek Boogaard and loses puck.
15:39 of 3rd period - Icing by Justin Faulk.
15:40 of 3rd period - Ryan Getzlaf wins face-off versus Cody Eakin in Capitals zone.
16:41 of 3rd period - Michael Schumacher is hit by Artemi Panarin and loses puck.
17:24 of 3rd period - Snap shot by Cody Eakin.
17:24 of 3rd period - Stopped by Tuukka Rask without a rebound.
17:25 of 3rd period - Joe Thornton wins face-off versus Mike Comrie in Capitals zone.
17:33 of 3rd period - Off-side.
17:34 of 3rd period - Mike Comrie wins face-off versus Joe Thornton in neutral zone.
17:57 of 3rd period - Minor Penalty to Max Pacioretty for Hooking.
17:58 of 3rd period - Artemi Panarin wins face-off versus Joe Thornton in Blue Jackets zone.
17:58 of 3rd period - Artemi Panarin is hit by Joe Thornton.
18:29 of 3rd period - Slapshot by Brent Seabrook.
18:29 of 3rd period - Stopped by Rick DiPietro without a rebound.
18:30 of 3rd period - Joe Thornton wins face-off versus Pavel Datsyuk in Blue Jackets zone.
18:39 of 3rd period - Snap shot by Shayne Gostisbehere.
18:39 of 3rd period - Deflect By Joe Thornton.
18:39 of 3rd period - Shot Misses the Net.
18:39 of 3rd period - Puck is out of play.
18:40 of 3rd period - Joe Thornton wins face-off versus Artemi Panarin in Blue Jackets zone.
19:05 of 3rd period - Snap shot by Joe Pavelski.
19:05 of 3rd period - Shot Hit the Post.
19:07 of 3rd period - Backhand shot by Joe Thornton.
19:07 of 3rd period - Shot Misses the Net.
19:09 of 3rd period - Wrist shot by Joe Thornton.
19:09 of 3rd period - Shot Misses the Net.
19:11 of 3rd period - Slapshot by Justin Faulk.
19:11 of 3rd period - Stopped by Rick DiPietro without a rebound.
19:12 of 3rd period - Bruce Boudreau call a timeout for Blue Jackets.
19:12 of 3rd period - Artemi Panarin wins face-off versus Joe Thornton in Blue Jackets zone.
19:12 of 3rd period - Artemi Panarin is hit by Patrick Sharp.
19:38 of 3rd period - Mike Lundin is hit by Ryan Getzlaf and loses puck.
19:57 of 3rd period - Penalty to Max Pacioretty is over, Max Pacioretty is back on ice.
19:57 of 3rd period - Blue Jackets, Rick DiPietro is pulled from the net.
Goals for this period are 2 for Capitals vs 0 for Blue Jackets.
Shots for this period are 12 for Capitals vs 14 for Blue Jackets.
Back to the Top